 Dungeon Crawl Stone Soup version 0.29-a0-330-g52719c12eb (webtiles) character file.

Game seed: 18178437245124291849

51 kae the Firebug (level 3, 0/20 HPs)
             Began as a Tengu Fire Elementalist on Apr 14, 2022.
             Killed by divine providence
             ... invoked by an orc priest
              (11 damage)
             ... on level 3 of the Dungeon.
             The game lasted 00:01:07 (2272 turns).

kae the Firebug (Tengu Fire Elementalist)           Turns: 2272, Time: 00:01:09

Health: 0/20       AC:  2    Str:  5    XL:     3   Next: 81%
Magic:  2/7        EV: 13    Int: 17    God:
Gold:   97         SH:  0    Dex: 21    Spells: 0/6 levels left

rFire   . . .      SeeInvis .   m - +2 spear of the Head {pain, rElec Str-3 Dex+7 Stlth+}
rCold   . . .      Faith    .   (no shield)
rNeg    . . .      Spirit   .   a - +0 robe
rPois   .          Reflect  .   (helmet restricted)
rElec   +          Harm     .   (no cloak)
rCorr   .          Rampage  .   (no gloves)
Will    .....                   (boots unavailable)
Stlth   +++.......              (no amulet)
HPRegen 0.06/turn               (no ring)
MPRegen 0.10/turn               (no ring)

@: lethally poisoned (0 -> -5)
A: beak, talons 3
a: no special abilities


You were on level 3 of the Dungeon.
You visited 1 branch of the dungeon, and saw 3 of its levels.

You collected 97 gold pieces.

Inventory:

Hand Weapons
 j - a +0 spear
 m - the +2 spear of the Head (weapon) {pain, rElec Str-3 Dex+7 Stlth+}
   (You found it on level 2 of the Dungeon)

   In the hands of one skilled in necromantic magic, it inflicts extra damage on
   living creatures.
   Str:       It affects your strength (-3).
   Dex:       It affects your dexterity (+7).
   rElec:     It insulates you from electricity.
   Stlth:     It makes you more stealthy.
Armour
 a - a +0 robe (worn)
Jewellery
 h - a ring of protection from fire
 n - a +6 ring of strength
Scrolls
 f - a scroll of identify {unknown}
 g - 2 scrolls of enchant armour {unknown}
 l - a scroll of summoning {unknown}
 o - a scroll of enchant weapon {unknown}
Potions
 b - 2 potions of magic
 c - a potion of heal wounds {unknown}
 d - 3 potions of haste {unknown}
 e - a potion of brilliance {unknown}
 i - a potion of might {unknown}
 k - a potion of lignification {unknown}


   Skills:
 + Level 1.1 Fighting
 + Level 2.6 Dodging
 - Level 2.0 Stealth
 + Level 2.3 Spellcasting
 + Level 2.2 Conjurations
 * Level 4.0 Fire Magic


You couldn't memorise any spells.
You knew the following spells:

 Your Spells              Type           Power      Damage    Failure   Level
a - Foxfire               Conj/Fire      48%        2x1d6     5%          1
b - Scorch                Fire           30%        2d7       5%          2
c - Conjure Flame         Conj/Fire      12%        6-21      16%         3

Your spell library contained the following spells:

 Spells                   Type           Power      Damage    Failure   Level
 Inner Flame              Hex/Fire       8%         N/A       24%         3
 Flame Wave               Conj/Fire      12%        2d6       45%         4
 Ozocubu's Armour         Ice            1%         N/A       50%         3
 Ozocubu's Refrigeration  Ice            0%         4d5       100%        7


Dungeon Overview and Level Annotations

Branches:
Dungeon (3/15)

Altars:

Shops:
D:1 ?


Innate Abilities, Weirdness & Mutations

You have a beak for a mouth.
You have claws for feet.


Message History

Confirm with . or Enter, or press ? or * to list all spells.
You conjure some foxfire!
The endoplasm quivers.
The foxfire hits the orc priest.
The orc priest is moderately wounded.
The foxfire hits the orc priest but does no damage.
The orc priest is moderately wounded.
Casting: Foxfire (safe; 5% risk of failure)
Confirm with . or Enter, or press ? or * to list all spells.
You conjure some foxfire!
The foxfire hits the orc priest but does no damage.
The orc priest is moderately wounded.
The foxfire hits the orc priest but does no damage.
The orc priest is moderately wounded.
Casting: Foxfire (safe; 5% risk of failure)
Confirm with . or Enter, or press ? or * to list all spells.
You conjure some foxfire!
The endoplasm freezes you.
You are frozen.
The orc priest closely misses you.
The foxfire hits the orc priest but does no damage.
The orc priest is moderately wounded.
The foxfire hits the orc priest but does no damage.
The orc priest is moderately wounded.
The orc priest hits you with a +2 mace of venom.
You are poisoned.
The endoplasm barely misses you.
Casting: Foxfire (safe; 5% risk of failure)
Confirm with . or Enter, or press ? or * to list all spells.
You conjure some foxfire!
You feel sick.
The orc priest hits you with a +2 mace of venom.
The endoplasm barely misses you.
You feel sick.
The foxfire hits the orc priest but does no damage.
The orc priest is moderately wounded.
The foxfire hits the endoplasm.
The endoplasm is heavily wounded.
The orc priest invokes the aid of Beogh against you.
Beogh smites you!
Ouch! That really hurt!
You die...

###########
#..........
#.......#
#.J@....#
#..o....#
..........+
#.#.#..)...!#
# #.).....+
#$......#
#........
##########


You could see an orc priest and an endoplasm.

Vanquished Creatures
  An adder (D:2)
  A worm (D:2)
  A dart slug (D:1)
  2 orcs (D:3)
  An endoplasm (D:1)
  2 giant cockroaches (D:1)
  7 goblins
  A hobgoblin (D:2)
  2 quokkas
  4 ball pythons (D:1)
  4 bats
  4 frilled lizards
  6 rats
36 creatures vanquished.

Vanquished Creatures (others)
  134 foxfires
134 creatures vanquished.

Grand Total: 170 creatures vanquished

Notes
Turn   | Place    | Note
-------+----------+-------------------------------------------
     0 | D:1      | kae the Tengu Fire Elementalist began the quest for the
                  | Orb.
     0 | D:1      | Reached XP level 1. HP: 10/10 MP: 4/4
   238 | D:1      | Found Dynygol's Magic Scroll Shoppe.
   303 | D:1      | Reached XP level 2. HP: 15/15 MP: 3/6
  1040 | D:1      | Reached XP level 3. HP: 20/20 MP: 5/7
  1155 | D:1      | Learned a level 2 spell: Scorch
  1159 | D:1      | Learned a level 3 spell: Conjure Flame
  1425 | D:2      | Reached skill level 1 in Fighting
  1694 | D:2      | Identified the +2 spear of the Head {pain, rElec Str-3
                  | Dex+7 Stlth+}
  1923 | D:2      | Reached skill level 4 in Fire Magic
  2049 | D:2      | Found a faded altar of an unknown god.
  2272 | D:3      | Killed from afar by an orc priest

Illustrated notes

Levels and vault maps discovered:
D:1:      saegor_arrival_simple_a, layout_loops_ring, serial_shops,
          shop_fountains, minmay_pentomino_z4
D:2:      layout_basic, shapermc_ecumenical_altar_notcrosses
D:3:      layout_basic, bloody_makhleb

Skill      XL: |  1  2  3 |
---------------+----------+-----
Conjurations   | 2 |  2.2
Fighting       | 1 |  1.1
Fire Magic     | 4 |  4.0
Dodging        | |  2.6
Stealth        | |  2.0
Spellcasting   | |  2.3

Action                   || total
-------------------------++-------
Melee: Unarmed           ||     5
       Peck              ||     3
       Spear             ||     1
 Cast: Foxfire           ||    83
       Scorch            ||     2
Armor: Robe              ||     6
Dodge: Dodged            ||    21

Table legend: (Time is in decaauts)
 A = Elapsed time spent in this place.
 B = Non-inter-level travel time spent in this place.
 C = Inter-level travel time spent in this place.
 D = Time resting spent in this place.
 E = Time spent auto-exploring this place.
 F = Levels seen in this place.
 G = Mean time per level.
                   A        B        C        D        E       F      G
               +--------+--------+--------+--------+--------+-----+--------+
         Total |   2271 |   2186 |     85 |      0 |   1903 |   3 |  757.0 |
       Dungeon |   2271 |   2186 |     85 |      0 |   1903 |   3 |  757.0 |
               +--------+--------+--------+--------+--------+-----+--------+

Top non-repeatable levels by time:
     D:1: 1220 daAuts
     D:2: 1039 daAuts
     D:3: 11 daAuts
